 Dungeon Crawl Stone Soup version 0.17-a0-18-gc25b939 (webtiles) character file.

2630 Blackbelt the Carver (level 9, 0/91 HPs)
             Began as a Demonspawn Gladiator on Mar 9, 2015.
             Slain by a yak (3 damage)
             ... on level 7 of the Dungeon.
             The game lasted 00:30:59 (6800 turns).

Blackbelt the Carver (Demonspawn Gladiator)         Turns: 6800, Time: 00:30:59

Health: 0/91       AC: 24    Str: 15    XL:     9   Next: 35%
Magic:  0/9        EV:  2    Int: 10    God:
Gold:   279        SH:  0    Dex: 19    Spells: 0 memorised, 8 levels left

rFire  + . .     SeeInvis .     a - +0 long sword
rCold  x . .     Clarity  .     j - melded +3 leather armour {rF+}
rNeg   + + +     SustAb   .     (no shield)
rPois  +         Gourm    +     c - melded +0 helmet
rElec  .         Spirit   +     (cloak currently unavailable)
rCorr  .         Warding  .     y - melded +0 pair of gloves
rMut   .         NoTele   +     (boots currently unavailable)
MR     .....                    l - amulet of the gourmand (curse)
Stlth  ++........               (no ring)
                                B - ring of fire

@: tree-form, vulnerable, very slightly contaminated, hasted, very quick, not
resistant to hostile enchantments, unstealthy
A: (hooves 0), (iridescent scales 0), agile 1, blurry vision 1, (cold resistance
0), high mp 1, magic shield
a: no special abilities


You were on level 7 of the Dungeon.
You were very full.
You were a tree.
You visited 2 branches of the dungeon, and saw 8 of its levels.

You collected 279 gold pieces.

Inventory:

Hand weapons
 a - a +0 long sword (weapon)
Missiles
 o - 7 poisoned needles
Armour
 b - a +0 leather armour
 c - a +0 helmet (melded)
 j - a +3 leather armour of fire resistance (melded)
 r - a +0 ring mail
 y - a +0 pair of gloves (melded)
Jewellery
 l - a cursed amulet of the gourmand (around neck)
 t - an uncursed amulet of faith
 u - an uncursed amulet of warding
 B - a ring of fire (left branch)
 E - an uncursed ring of positive energy {unknown}
Magical devices
 z - a wand of polymorph (18)
 C - a wand of frost (4)
Scrolls
 e - 6 scrolls of identify
 i - 5 scrolls of enchant weapon
 k - a scroll of teleportation
 n - a scroll of random uselessness
Potions
 d - a potion of curing
 m - 2 potions of flight
 q - 4 potions of brilliance
Comestibles
 f - 3 bread rations
 g - 2 beef jerkies
 h - 16 fruits
 p - 2 meat rations
 s - 2 royal jellies


   Skills:
 - Level 2.0 Fighting
 + Level 11.8 Long Blades
 - Level 1.7 Throwing
 - Level 2.7 Dodging


You had 8 spell levels left.
You didn't know any spells.

Dungeon Overview and Level Annotations

Branches:
Dungeon (7/15)             Temple (1/1) D:6

Altars:
Ashenzari
Cheibriados
Elyvilon
Fedhas
Gozag
Makhleb
Nemelex Xobeh
Qazlal
Ru
Sif Muna
Trog
Vehumet
Zin
The Shining One
Lugonu

Shops:
D:6 =*:!=


Innate Abilities, Weirdness & Mutations

((You have large cloven feet.))
((You are partially covered in iridescent scales (AC +4).))
((Your flesh is cold resistant.))
When hurt, damage is shared between your health and your magic reserves.
You are agile. (Dex +2)
Scrolls take you a little longer to read.
You have an increased reservoir of magic (+10% MP).


Message History

Enchant which item? (? for menu, Esc to quit)
Your +2 leather armour of fire resistance glows green for a moment.
Read which item? (? for menu, Esc to quit)
You begin reading the scroll.
You continue reading the scroll.
The yak gores you but does no damage. The yak gores you.
* * * LOW HITPOINT WARNING * * *
As you read the scroll labeled SHROST TOIBLEVI, it crumbles to dust.
Magic quickly surges around you.
It was a scroll of vulnerability.
The yak gores you but does no damage. x2
The yak gores you but does no damage. x2
The yak gores you but does no damage. x2
The yak gores you but does no damage. The yak gores you.
* * * LOW HITPOINT WARNING * * *
The yak gores you but does no damage. x2
The yak gores you but does no damage. x2
The yak barely misses you. The yak gores you but does no damage.
The yak gores you.
* * * LOW HITPOINT WARNING * * *
The yak gores you.
You die...

#.[#.# ##.#.#
##.#.#######
#............
#.#..#######
#.#.>...
#.##################
#.#............#.Y.#
#.#.##########.#♣#.#
#.#.#.#......#.#Y#Y#
#.#.#........#.#..<#
#Y#†##.........###.#
#.#............Y)..#
#.######.###########
#.)......#
##########


You could see 2 yaks.

Vanquished Creatures
  A yak (D:7)
  Menkaure (D:5)
  3 water moccasins
  A phantom (D:6)
  A necrophage (D:7)
  A centaur (D:6)
  An orc warrior (D:6)
  4 ogres
  Sigmund (D:5)
  3 giant frogs (D:6)
  A scorpion (D:4)
  A crimson imp (D:4)
  A giant frog zombie (D:7)
  A goliath beetle (D:6)
  4 hounds
  2 orc priests (D:4)
  A giant frog skeleton (D:5)
  An iguana (D:4)
  7 orc wizards
  Natasha (thrice) (D:5)
  3 worker ants
  2 hound zombies
  11 gnolls
  11 adders
  3 shadow imps
  A giant mite (D:5)
  2 giant geckos (D:5)
  21 orcs
  7 ball pythons
  14 bats
  6 giant cockroaches
  15 goblins
  19 hobgoblins
  3 jackals
  A quokka (D:6)
  A giant cockroach zombie (D:5)
  A giant gecko skeleton (D:5)
  9 giant newts
  A goblin zombie (D:5)
  11 kobolds
  10 rats
191 creatures vanquished.

Vanquished Creatures (others)
  2 orcs
  A kobold (D:5)
3 creatures vanquished.

Grand Total: 194 creatures vanquished

Notes
Turn   | Place    | Note
--------------------------------------------------------------
     0 | D:1      | Blackbelt, the Demonspawn Gladiator, began the quest for the Orb.
     0 | D:1      | Reached XP level 1. HP: 16/16 MP: 1/1
   174 | D:1      | Reached skill level 3 in Long Blades
   216 | D:1      | Gained mutation: When hurt, damage is shared between your health and your magic reserves. [demonic ancestry]
   216 | D:1      | Reached XP level 2. HP: 13/22 MP: 2/2
   995 | D:2      | Gained mutation: You have large cloven feet. [demonic ancestry]
   995 | D:2      | Reached XP level 3. HP: 19/27 MP: 1/3
  1048 | D:2      | Reached skill level 4 in Long Blades
  1523 | D:3      | Reached XP level 4. HP: 24/33 MP: 4/4
  1807 | D:3      | Reached skill level 5 in Long Blades
  1905 | D:3      | HP: 1/33 [something/puff of frost (5)]
  2338 | D:3      | Reached XP level 5. HP: 34/38 MP: 2/5
  2852 | D:4      | Found a shattered altar of Ashenzari.
  2858 | D:4      | Reached skill level 6 in Long Blades
  2882 | D:4      | Found a radiant altar of Vehumet.
  2893 | D:4      | Gained mutation: You have an increased reservoir of magic (+10% MP). [potion of mutation]
  2893 | D:4      | Gained mutation: You are agile. (Dex +2) [potion of mutation]
  2893 | D:4      | Gained mutation: Scrolls take you a little longer to read. [potion of mutation]
  2956 | D:4      | Gained mutation: You are partially covered in iridescent scales (AC +4). [demonic ancestry]
  2956 | D:4      | Reached XP level 6. HP: 33/44 MP: 3/6
  3153 | D:4      | Noticed an ogre
  3175 | D:4      | Killed an ogre
  3374 | D:4      | Reached skill level 7 in Long Blades
  3893 | D:4      | Gained mutation: Your flesh is cold resistant. [demonic ancestry]
  3893 | D:4      | Reached XP level 7. HP: 50/50 MP: 7/7
  4122 | D:4      | Found a bloodstained altar of Trog.
  4284 | D:4      | Reached skill level 8 in Long Blades
  4382 | D:5      | Entered Level 5 of the Dungeon
  4391 | D:5      | Noticed Natasha
  4404 | D:5      | Killed Natasha
  4601 | D:5      | Noticed Natasha
  4608 | D:5      | Killed Natasha
  4703 | D:5      | Noticed Menkaure
  5017 | D:5      | Killed Menkaure
  5218 | D:4      | Reached skill level 9 in Long Blades
  5218 | D:4      | Reached XP level 8. HP: 56/56 MP: 8/8
  5338 | D:5      | Noticed Sigmund
  5352 | D:5      | Killed Sigmund
  5459 | D:5      | Noticed Natasha
  5465 | D:5      | Killed Natasha
  5506 | D:5      | Found a blossoming altar of Fedhas.
  5773 | D:6      | Found Pneopsyen's Jewellery Boutique.
  6010 | D:6      | Found Yfa Grai's Distillery.
  6035 | D:6      | Found Kliawot's Book Emporium.
  6043 | D:6      | Reached skill level 10 in Long Blades
  6072 | D:6      | Found Shusog's Jewellery Shoppe.
  6224 | D:6      | Reached skill level 11 in Long Blades
  6224 | D:6      | Reached XP level 9. HP: 42/61 MP: 7/9
  6296 | D:6      | Found Ukhlutsese's General Store.
  6366 | D:6      | Found a staircase to the Ecumenical Temple.
  6382 | Temple   | Entered the Ecumenical Temple
  6526 | D:6      | Found a stormy altar of Qazlal.
  6788 | D:7      | HP: 4/91 [yak (4)]
  6794 | D:7      | HP: 4/91 [yak (1)]
  6800 | D:7      | HP: 3/91 [yak (2)]
  6800 | D:7      | Slain by a yak

Action                   |  1- 3 |  4- 6 |  7- 9 || total
-------------------------+-------+-------+-------++-------
Melee: Long sword        |   147 |   290 |   465 ||   902
Throw: Throwing net      |       |     3 |     7 ||    10
Evoke: Wand              |       |     5 |       ||     5
  Use: Scroll            |       |     9 |     3 ||    12
       Potion            |       |     7 |     5 ||    12
 Stab: Sleeping          |       |       |     1 ||     1
       Held in net/web   |       |       |     7 ||     7
       Distracted        |       |       |     1 ||     1
  Eat: Chunk             |     3 |    14 |    10 ||    27
       Fruit             |       |     2 |       ||     2
